 Dungeon Crawl Stone Soup version 0.31-a0-164-g2312942fda (webtiles) character file.

Game seed: 1724764171509205265

182 qw the Chopper (level 5, -8/32 HPs)
             Began as a Gargoyle Fighter on June 13, 2023.
             Mangled by Duvessa
             ... wielding a +0 short sword
              (11 damage)
             ... on level 6 of the Dungeon.
             The game lasted 00:01:02 (2178 turns).

qw the Chopper (Gargoyle Fighter)                   Turns: 2178, Time: 00:01:03

Health: -8/32      AC: 13    Str: 21    XL:     5   Next: 62%
Magic:  5/5        EV:  9    Int:  9    God:
Gold:   161        SH:  4    Dex:  9    Spells: 4/4 levels left

rFire   . . .        Y - +1 war axe
rCold   . . .        c - +0 buckler
rNeg    + . .        b - +0 scale mail
rPois   inf          a - +0 helmet
rElec   +            (no cloak)
rCorr   .            l - +0 pair of gloves
SInv    .            (no boots)
Will    .....        (no amulet) Stlth
                     (no ring)
HPRegen 0.25/turn    (no ring)
MPRegen 0.09/turn

%: no passive effects
@: about to teleport
A: sickness immunity, AC +4, negative energy resistance 1, electricity
resistance, torment resistance 1, petrification resistance
a: no special abilities


You were on level 6 of the Dungeon.
You visited 1 branch of the dungeon, and saw 4 of its levels.

You collected 161 gold pieces.


Innate Abilities, Weirdness & Mutations

You are immune to sickness and miasma.
Your stone body is resilient. (AC +4)
You are immune to poison.
You resist negative energy. (rN+)
You are resistant to electric shocks. (rElec)
You are resistant to unholy torment.
You are immune to petrification.


   Skills:
 + Level 3.2 Fighting
 - Level 5.1 Axes
 - Level 3.2 Armour
 - Level 3.2 Shields


You had 4 spell levels left.
You didn't know any spells.
Your spell library was empty.

Inventory:

Hand Weapons
 i - a +0 mace
 Y - a +1 war axe (weapon)
Armour
 a - a +0 helmet (worn)
 b - a +0 scale mail (worn)
 c - a +0 buckler (worn)
 l - a +0 pair of gloves (worn)
Scrolls
 e - a scroll of poison {unknown}
 f - a scroll of identify
Potions
 d - a potion of might
 g - a potion of brilliance {unknown}
 j - a potion of heal wounds {unknown}
 m - a potion of curing {unknown}

Dungeon Overview and Level Annotations

Branches:
Dungeon (3/15)

Altars:
Nemelex Xobeh

Annotations:
D:2 Natasha
D:6 Duvessa


Message History

Found a stone staircase leading up.
You see here 6 curare-tipped darts.
You hear the slow rusting of a very distant drain.
You now have 161 gold pieces (gained 13).
You open the door.
Found a stone staircase leading down.
Duvessa, Dowan and a wraith come into view.
Duvessa shouts!
Dowan shouts!
There is an open door here.
Enter note:
Enter note: You slash Dowan!
Dowan is heavily wounded.
Dowan hits you with a +0 dagger.
You hit Dowan.
Dowan is severely wounded.
Dowan hits you with a +0 dagger.
You hit Dowan.
Dowan is almost dead.
Dowan hits you but does no damage.
Dowan points at Duvessa and mumbles some strange words.
Duvessa seems to speed up.
Duvessa hits you with a +0 short sword.
You slash Dowan!
You kill Dowan!
Duvessa weeps, and shakes her weapon.
Duvessa goes berserk!
You barely miss Duvessa.
Duvessa hits you with a +0 short sword! x2
Your Axes skill increases to level 5!
You barely miss the wraith. You hit Duvessa. Duvessa barely misses you.
The wraith hits you but does no damage. Duvessa hits you with a +0 short sword!
2177 ||| READING scroll of teleportation.
As you read the scroll of teleportation, it crumbles to dust.
You feel strangely unstable. The wraith hits you but does no damage.
You block Duvessa's attack.
You hit Duvessa.
Duvessa is lightly wounded.
You slash the wraith! Duvessa hits you with a +0 short sword!
You die...

.........#
.......>..
.........#
.........#
.........#
.....$...#
......We.#
###@####.#
#........#
#.#.######
#.#.#
#.#.#
#.#.#
#.#.####
#......#
#...##.#


You could see Duvessa (berserk, fast) and a wraith.

Vanquished Creatures
  Dowan (D:6)
  Natasha (D:2)
  Robin (D:2)
  3 adders
  A shadow imp (D:6)
  A worm (D:2)
  2 dart slugs (D:1)
  2 ball pythons
  6 bats
  2 endoplasms
  3 giant cockroaches (D:1)
  13 goblins
  2 hobgoblins
  7 jackals
  4 frilled lizards
  4 kobolds
  4 rats (D:1)
  A spectral kobold (D:2)
58 creatures vanquished.

Notes
Turn   | Place    | Note
-------+----------+-------------------------------------------
     0 | D:1      | qw the Gargoyle Fighter began the quest for the Orb.
     0 | D:1      | Reached XP level 1. HP: 14/14 MP: 1/1
     0 | D:1      | 0 ||| qw: Version: 0.2-a-29-gc1b59c4
     0 | D:1      | 0 ||| qw: Game counter: 4462
     0 | D:1      | 0 ||| qw: Always use a shield: true
     0 | D:1      | 0 ||| qw: God list: Okawaru
     0 | D:1      | 0 ||| qw: Allow faded altars: false
     0 | D:1      | 0 ||| qw: Do Orc after D:15 true
     0 | D:1      | 0 ||| qw: Do second Lair branch before Depths: true
     0 | D:1      | 0 ||| qw: Lair rune preference: random
     0 | D:1      | 0 ||| qw: Plans: Normal, Zot:1-4, Slime:5, God:TSO, Crypt,
                  | Tomb, Abyss, Pan, Hells, Win
     0 | D:1      | 0 ||| PLANNING D:1-11
    92 | D:1      | Reached skill level 2 in Axes
   205 | D:1      | Reached XP level 2. HP: 19/19 MP: 2/2
   307 | D:1      | 307 ||| Stepping ~*~*~tactically~*~*~ (hiding).
   308 | D:1      | 308 ||| Stepping ~*~*~tactically~*~*~ (hiding).
   311 | D:1      | 311 ||| Stepping ~*~*~tactically~*~*~ (hiding).
   464 | D:1      | Reached skill level 3 in Axes
   480 | D:1      | Reached XP level 3. HP: 21/23 MP: 3/3
   806 | D:1      | 806 ||| UPGRADING to +0 pair of gloves.
   811 | D:1      | 811 ||| DROPPING amulet of magic regeneration.
   812 | D:1      | 812 ||| READING scroll labelled MULAR QOILEIXE.
   813 | D:1      | 813 ||| READING 2 scrolls labelled FAFIEW KAEN.
   817 | D:1      | 817 ||| READING scroll labelled UCKAOC KAOL.
   818 | D:1      | 818 ||| READING scroll labelled TAR NOBROGH.
   857 | D:2      | 857 ||| Stepping ~*~*~tactically~*~*~ (stealth).
   862 | D:2      | 862 ||| STAIRDANCE
   883 | D:2      | 883 ||| Stepping ~*~*~tactically~*~*~ (stealth).
   884 | D:2      | 884 ||| Stepping ~*~*~tactically~*~*~ (stealth).
   888 | D:2      | 888 ||| Stepping ~*~*~tactically~*~*~ (hiding).
   892 | D:2      | 892 ||| Stepping ~*~*~tactically~*~*~ (hiding).
   892 | D:2      | Noticed Robin
   893 | D:2      | 893 ||| Stepping ~*~*~tactically~*~*~ (hiding).
   905 | D:2      | Killed Robin
   910 | D:2      | Reached XP level 4. HP: 18/28 MP: 4/4
   922 | D:2      | 922 ||| FLEEEEING.
   923 | D:2      | 923 ||| STAIRDANCE
  1127 | D:2      | 1127 ||| DROPPING +0 club.
  1166 | D:2      | Reached skill level 4 in Axes
  1187 | D:2      | Found a sparkling altar of Nemelex Xobeh.
  1346 | D:2      | Noticed Natasha
  1347 | D:2      | 1347 ||| Stepping ~*~*~tactically~*~*~ (hiding).
  1353 | D:2      | Killed Natasha
  1475 | D:2      | 1475 ||| Stepping ~*~*~tactically~*~*~ (stealth).
  1499 | D:2      | Found a faded altar of an unknown god.
  1603 | D:2      | Noticed Natasha
  1604 | D:2      | 1604 ||| Stepping ~*~*~tactically~*~*~ (stealth).
  1811 | D:2      | Reached XP level 5. HP: 28/32 MP: 5/5
  1996 | D:2      | 1996 ||| UPGRADING to +0 helmet.
  2001 | D:2      | 2001 ||| READING scroll labelled NOUMPA KOMOUT.
  2002 | D:2      | 2002 ||| READING scroll labelled TOHIMEXUU.
  2050 | D:3      | You fall into a shaft and drop 3 floors!
  2055 | D:6      | 2055 ||| PLANNING SEWER
  2171 | D:6      | Noticed Duvessa
  2171 | D:6      | Noticed Dowan
  2171 | D:6      | Noticed a wraith
  2175 | D:6      | Killed Dowan
  2176 | D:6      | Reached skill level 5 in Axes
  2176 | D:6      | HP: 2/32 [Duvessa/+0 short sword (9)]
  2177 | D:6      | 2177 ||| READING scroll of teleportation.
  2178 | D:6      | Mangled by Duvessa

Levels and vault maps discovered:
D:1:      dpeg_arrival_tiny_f, layout_loops_cross
D:2:      layout_basic, basic_altar, dreamdust_ecumenical_altar_drowned_temple,
          chequers_big_river, minivault_24, grunt_ministairs_13,
          minmay_misc_feat_doors, hangedman_abyss_or_decor_lesser_grid,
          minmay_hexomino_p4, uniq_robin, uniq_natasha
D:3:      layout_basic, mainiacjoe_overflow_small_starburst
D:6:      layout_basic, serial_shops, shop, cheibrodos_sewer_entry_bend,
          uniq_crazy_yiuf_cottage, uniq_duvessa

Skill      XL: |  1  2  3  4  5 |
---------------+----------------+-----
Axes           | 2 3 4 5 |  5.1
Fighting       | |  3.2
Armour         | |  3.2
Shields        | |  3.2

Action                     |  1- 3 |  4- 6 || total
---------------------------+-------+-------++-------
  Melee: War axe           |    90 |    73 ||   163
    Use: Scroll            |     4 |     3 ||     7
 Armour: Scale mail        |    48 |    41 ||    89
  Dodge: Dodged            |    42 |    35 ||    77
  Block: Buckler           |    21 |    14 ||    35

Table legend:
 A = Non-vault XP
 B = Vault XP
 C = Vault XP percentage of total XP
 D = Non-vault monster count
 E = Vault monster count
 F = Vault count percentage of total count
                 A         B        C        D         E       F
            +---------+---------+-------+---------+---------+-------
      Total |      95 |     166 |  63.6 |      36 |      22 |  37.9
            +---------+---------+-------+---------+---------+-------
        D:1 |      47 |       4 |   7.8 |      27 |       2 |   6.9
        D:2 |      23 |      93 |  80.2 |       7 |      19 |  73.1
        D:6 |      25 |      69 |  73.4 |       2 |       1 |  33.3
            +---------+---------+-------+---------+---------+-------
